 Dungeon Crawl Stone Soup version 0.22-a0-553-g9358b0b (webtiles) character file.

67 inc the Conjurer (level 4, 0/30 HPs)
             Began as a Mummy Fire Elementalist on June 25, 2018.
             Slain by a goblin
             ... wielding a +0 dagger
             ... led by Robin
              (3 damage)
             ... on level 1 of the Dungeon.
             The game lasted 00:02:48 (2085 turns).

inc the Conjurer (Mummy Fire Elementalist)          Turns: 2085, Time: 00:02:49

Health: 0/30       AC:  2    Str: 11    XL:     4   Next: 0%
Magic:  8/8        EV: 12    Int: 15    God:
Gold:   75         SH:  0    Dex: 12    Spells: 7/8 levels left

rFire    x . .     SeeInvis .   k - +2 short sword (vamp)
rCold    + . .     Gourm    .   (no shield)
rNeg     + + +     Faith    .   a - +0 robe
rPois    ∞         Spirit   .   (no helmet)
rElec    .         Reflect  .   (no cloak)
rCorr    .         Harm     .   (no gloves)
MR       .....                  (no boots)
Stlth    ++........             (no amulet)
HPRegen  0.10/turn              (no ring)
MPRegen  0.11/turn              (no ring)

@: no status effects
A: no food or potions, fire vulnerability, cold resistance 1, negative energy
resistance 3, torment resistance, unbreathing
a: no special abilities


You were on level 1 of the Dungeon.
You were not hungry.

You visited 1 branch of the dungeon, and saw 2 of its levels.

You collected 75 gold pieces.

Inventory:

Hand Weapons
 d - a +0 short sword
 k - a +2 vampiric short sword (weapon)
Armour
 a - a +0 robe (worn)
Jewellery
 l - an uncursed ring of protection from cold {unknown}
Scrolls
 b - a scroll of enchant armour {unknown}
 c - 4 scrolls of identify {unknown}
 f - 2 scrolls of fog {unknown}
 h - 3 scrolls of remove curse {unknown}
 i - 3 scrolls of teleportation {unknown}
Potions
 e - a potion of curing {unknown}
 g - a potion of flight {unknown}
Comestibles
 j - 2 rations


   Skills:
 + Level 1.0 Short Blades
 - Level 1.5 Dodging
 - Level 1.5 Stealth
 - Level 2.6 Spellcasting
 - Level 2.9 Conjurations
 - Level 2.4 Fire Magic


You had 7 spell levels left.
You knew the following spells:

 Your Spells              Type           Power        Failure   Level  Hunger
a - Flame Tongue          Conj/Fire      ##...        7%          1    N/A

Your spell library contained the following spells:

 Spells                   Type           Power        Failure   Level  Hunger
 Fireball                 Conj/Fire      ##........   88%         5    N/A
 Conjure Flame            Conj/Fire      ##......     21%         3    N/A
 Throw Flame              Conj/Fire      ##....       11%         2    N/A
 Sticky Flame             Conj/Fire      ##......     56%         4    N/A
 Inner Flame              Hex/Fire       #.......     36%         3    N/A

Dungeon Overview and Level Annotations

Branches:
Dungeon (2/15)

Altars:

Annotations:
D:2 Robin


Innate Abilities, Weirdness & Mutations

You do not eat or drink.
Your flesh is vulnerable to fire.
You are immune to poison.
Your flesh is cold resistant. (rC+)
You are immune to negative energy. (rN+++)
You are immune to unholy pain and torment.
You can survive without breathing.


Message History

You kill the goblin!
You have reached level 4!
The goblin closely misses you.
Items here: )) †† a club; a dagger; a goblin corpse x2
The goblin completely misses you.
There is an open door here.
There is an open door here.
The goblin no longer looks unusually strong.
There is an open door here.
You see here 14 stones.
There is a stone staircase leading up here.
You barely miss the goblin. The goblin hits you with a dagger.
* * * LOW HITPOINT WARNING * * *
The goblin closely misses you.
You climb upwards.
There is a stone staircase leading down here.
Unknown command.
You closely miss the goblin. The goblin hits you with a dagger.
You die...

.#.##.#.#.#.#.##.# #.####.#.#..
.#.##.#.#.#.#..#.# #.#....#.#.#
##.##.#.#.#.##.#.# #.#.####.#..
...##.#.#.#.##.#.# #.#......#..
#..##.#.#.#.##...# #.########..
#..##.#.#.#.###..# #.# #..
#..##.#.#.#.# #..#####.########..
#..##.#.#.#.# ##.g...............
#..##.#.#.#.# #@........#######.
...##.#.#.#.#####.#....#.# #.
#.###.#...#.##....#....#.# #. #.#
#.#####.##.#######.#.#######.
#.###.......##.##......#.#.....#.
......########.##.######.#.##....
#.###.# #.##.# #.#.##..#. #...#.#
#.##†# #.#.##..#. ###.#.#
####.##.# #.#.......


You could see a goblin.

Vanquished Creatures
  An adder (D:2)
  An ooze (D:1)
  2 worms (D:2)
  2 dart slugs
  A leopard gecko (D:2)
  3 bats
  A giant cockroach (D:2)
  8 goblins
  6 hobgoblins
  6 jackals
  A quokka (D:2)
  A frilled lizard (D:1)
  3 kobolds (D:2)
  3 rats (D:1)
39 creatures vanquished.

Notes
Turn   | Place    | Note
-------+----------+-------------------------------------------
     0 | D:1      | inc the Mummy Fire Elementalist began the quest for the Orb.
     0 | D:1      | Reached XP level 1. HP: 13/13 MP: 4/4
    28 | D:1      | Reached skill level 1 in Conjurations
   265 | D:1      | Reached XP level 2. HP: 19/19 MP: 0/5
  1490 | D:2      | Reached XP level 3. HP: 23/24 MP: 4/7
  2041 | D:2      | Noticed Robin
  2058 | D:2      | Reached skill level 1 in Short Blades
  2065 | D:2      | Reached XP level 4. HP: 5/30 MP: 8/8
  2085 | D:1      | Slain by a goblin

Vault maps used:
D:1:      ebering_trefoil_3fold
D:2:      minivault_19, small_statue_intersection, uniq_robin

Skill      XL: |  1  2  3 |
---------------+----------+-----
Conjurations   | 1 2 |  2.9
Short Blades   | 1 |  1.0
Dodging        | |  1.5
Stealth        | |  1.5
Spellcasting   | |  2.6
Fire Magic     | |  2.4

Action                   |  1- 3 |  4- 6 || total
-------------------------+-------+-------++-------
Melee: Unarmed           |     3 |       ||     3
       Short sword       |    56 |     2 ||    58
 Cast: Flame Tongue      |    46 |       ||    46
Armor: Robe              |    13 |       ||    13
Dodge: Dodged            |    50 |     3 ||    53

Table legend:
 A = Spawn XP
 B = Non-spawn XP
 C = Spawn XP percentage of total XP
 D = Spawn monster count
 E = Non-spawn monster count
 F = Spawn count percentage of total count
 G = Total turns spent on level
                    A         B        C        D         E        F      G
               +---------+---------+-------+---------+---------+-------+---------
         Total |       0 |      97 |   0.0 |       0 |      39 |   0.0 |  2085
               +---------+---------+-------+---------+---------+-------+---------
           D:1 |       0 |      25 |   0.0 |       0 |      11 |   0.0 |  1147
           D:2 |       0 |      72 |   0.0 |       0 |      28 |   0.0 |   938
               +---------+---------+-------+---------+---------+-------+---------
